 Dungeon Crawl Stone Soup version 0.29.1-1-gd02db6906a (webtiles) character file.

Game seed: 3357838004951921980

72 Lutefisk the Conjurer (level 4, 0/24 HPs)
             Began as a Vine Stalker Conjurer on Oct 15, 2022.
             Slain by Crazy Yiuf
             ... wielding a +4 quarterstaff of chaos
              (13 damage)
             ... on level 2 of the Dungeon.
             The game lasted 00:07:09 (956 turns).

Lutefisk the Conjurer (Vine Stalker Conjurer)        Turns: 956, Time: 00:07:10

Health: 0/24       AC:  3    Str: 10    XL:     4   Next: 25%
Magic:  0/8        EV: 11    Int: 18    God:
Gold:   44         SH:  0    Dex: 14    Spells: 4/7 levels left

rFire   . . .      SeeInvis .   i - +1 dagger (speed)
rCold   . . .      Faith    .   (no shield)
rNeg    . . .      Spirit   +   o - +0 leather armour
rPois   .          Reflect  .   (no helmet)
rElec   .          Harm     .   (no cloak)
rCorr   .          Rampage  .   (no gloves)
Will    +....                   (no boots)
Stlth   ++........              (no amulet)
HPRegen 0.88/turn               n - ring of willpower
MPRegen 0.11/turn               (no ring)

@: no status effects
A: fangs 2, regeneration 1, magic shield, antimagic bite, no potion heal 2
a: no special abilities


You were on level 2 of the Dungeon.
You visited 1 branch of the dungeon, and saw 2 of its levels.

You collected 44 gold pieces.

Inventory:

Hand Weapons
 c - a +0 club
 e - a +0 short sword
 i - a +1 dagger of speed (weapon)
Armour
 o - a +0 leather armour (worn)
Magical Staves
 a - a staff of fire
 m - a staff of conjuration
Jewellery
 n - a ring of willpower (left hand)
Scrolls
 f - a scroll of noise {unknown}
 g - 2 scrolls of identify {unknown}
 j - 2 scrolls of immolation {unknown}
 p - a scroll of acquirement {unknown}
Potions
 b - a potion of magic
 d - 2 potions of mutation {unknown}
 h - 2 potions of ambrosia {unknown}
 k - a potion of attraction {unknown}
 l - 2 potions of curing {unknown}


   Skills:
 * Level 3.1 Fighting
 - Level 1.5 Dodging
 - Level 3.0 Stealth
 - Level 2.1 Spellcasting
 - Level 4.0 Conjurations


You had 4 spell levels left.
You knew the following spells:

 Your Spells              Type           Power      Damage    Failure   Level
a - Magic Dart            Conj           64%        1d6       4%          1
b - Searing Ray           Conj           32%        2d5       7%          2

Your spell library contained the following spells:

 Spells                   Type           Power      Damage    Failure   Level
 Beastly Appendage        Tmut           2%         N/A       24%         1
 Dazzling Flash           Conj/Hex       18%        N/A       32%         3
 Wereblood                Tmut           1%         N/A       36%         2
 Spider Form              Tmut/Pois      1%         N/A       58%         3
 Fulminant Prism          Conj/Hex       4%         3d6       71%         4
 Iskenderun's Mystic Bla  Conj/Tloc      9%         2d4       71%         4


Dungeon Overview and Level Annotations

Branches:
Dungeon (2/15)

Altars:

Annotations:
D:2 Crazy Yiuf


Innate Abilities, Weirdness & Mutations

You have extremely sharp teeth.
Your natural rate of healing is unusually fast.
When hurt, damage is shared between your health and your magic reserves.
Your bite disrupts and absorbs the magic of your enemies.
Potions cannot restore your health.


Message History

Crazy Yiuf shouts!
Casting: Magic Dart (safe; 4% risk of failure)
Confirm with . or Enter, or press ? or * to list all spells.
Aiming: Searing Ray (safe; 7% risk of failure)
Press: ? - help, Shift-Dir - straight line, f - Crazy Yiuf
Aim: Crazy Yiuf, wielding a +4 quarterstaff of chaos and wearing a +0 cloak (81% to hit)
The searing ray hits Crazy Yiuf!
Crazy Yiuf is moderately wounded. (Press . to maintain the ray.)
The searing ray misses Crazy Yiuf.
The searing ray hits Crazy Yiuf.
Crazy Yiuf is severely wounded.
Crazy Yiuf hits you with a +4 quarterstaff of chaos!
The searing ray hits Crazy Yiuf.
Crazy Yiuf is almost dead.
You finish channelling your searing ray.
Crazy Yiuf drinks a potion.
Crazy Yiuf is healed!
Okay, then.
Crazy Yiuf attacks as you move away!
Crazy Yiuf hits you with a +4 quarterstaff of chaos.
Okay, then.
You hit Crazy Yiuf. You bite Crazy Yiuf. You drain his power.
You feel invigorated.
Crazy Yiuf is moderately wounded.
You closely miss Crazy Yiuf.
Crazy Yiuf is moderately wounded.
Crazy Yiuf hits you with a +4 quarterstaff of chaos.
You hit Crazy Yiuf.
Crazy Yiuf is moderately wounded.
Crazy Yiuf misses you.
Casting: Searing Ray (safe; 7% risk of failure)
Confirm with . or Enter, or press ? or * to list all spells.
Aiming: Magic Dart (safe; 4% risk of failure)
Press: ? - help, Shift-Dir - straight line, f/p - Crazy Yiuf
Aim: Crazy Yiuf, wielding a +4 quarterstaff of chaos and wearing a +0 cloak (moderately wounded, 100% to hit)
The magic dart hits Crazy Yiuf.
Crazy Yiuf is heavily wounded.
Crazy Yiuf hits you with a +4 quarterstaff of chaos!
Ouch! That really hurt!
You die...

#.#
##........#........
#.#
#....####.#........
#.# #+..'#
##...#'#.. #.#
♣....♣ #####.#..
♣..♣♣♣ #.#.. ♣♣.♣
#######.#.. ♣.♣♣
#...##..#.. ♣♣.♣
#.#.##.##.. ♣@♣♣
#.#......#. ♣♣g♣
#......#.#. #'#
########.#. ...
#.......... #...#
########.## #..)#
........# #####
###########
#.......... ###
###########


You could see Crazy Yiuf.

Vanquished Creatures
  Jessica (D:2)
  An adder (D:2)
  2 dart slugs (D:1)
  3 bats (D:1)
  2 endoplasms (D:1)
  2 hobgoblins (D:1)
  2 kobolds
  A quokka (D:1)
  4 ball pythons
  2 frilled lizards
  5 goblins (D:1)
  8 rats
33 creatures vanquished.

Notes
Turn   | Place    | Note
-------+----------+-------------------------------------------
     0 | D:1      | Lutefisk the Vine Stalker Conjurer began the quest for the
                  | Orb.
     0 | D:1      | Reached XP level 1. HP: 9/9 MP: 4/4
   150 | D:1      | Reached XP level 2. HP: 11/14 MP: 3/6
   160 | D:1      | Reached skill level 1 in Fighting
   282 | D:1      | Learned a level 2 spell: Searing Ray
   330 | D:1      | Reached XP level 3. HP: 17/18 MP: 7/7
   826 | D:2      | Noticed Jessica
   829 | D:2      | Killed Jessica
   830 | D:2      | Gained mutation: Your natural rate of healing is unusually
                  | fast. [Vine Stalker growth]
   830 | D:2      | Reached XP level 4. HP: 24/24 MP: 5/8
   943 | D:2      | Found a runed translucent door.
   944 | D:2      | Noticed Crazy Yiuf
   956 | D:2      | Slain by Crazy Yiuf

Illustrated notes

Levels and vault maps discovered:
D:1:      minmay_arrival_statue_studded, layout_rooms
D:2:      layout_basic, shapermc_ecumenical_altar_venn, nrook_loot_triangle,
          minmay_misc_feat_tower, uniq_jessica, uniq_crazy_yiuf_cottage

Skill      XL: |  1  2  3 |
---------------+----------+-----
Fighting       | 1 3 |  3.1
Stealth        | 3 |  3.0
Dodging        | |  1.5
Spellcasting   | |  2.1
Conjurations   | |  4.0

Action                   |  1- 3 |  4- 6 || total
-------------------------+-------+-------++-------
Melee: Short sword       |     6 |       ||     6
       Dagger            |    13 |     3 ||    16
       Bite              |     4 |     1 ||     5
       Club              |     1 |       ||     1
 Cast: Magic Dart        |    41 |     2 ||    43
       Searing Ray       |       |     1 ||     1
 Stab: Sleeping          |     1 |       ||     1
Armor: Robe              |     5 |       ||     5
Dodge: Dodged            |    15 |     1 ||    16
